 Dungeon Crawl Stone Soup version 0.29-a0-23-ga79f92ac9c (webtiles) character file.

Game seed: 5019912265492044726

84 enile the Skirmisher (level 4, -8/37 HPs)
             Began as a Formicid Fighter on Jan 30, 2022.
             Was an Initiate of Nemelex Xobeh.
             Killed by nerve-wracking pain
             ... invoked by Grinder
              (10 damage)
             ... on level 3 of the Dungeon.
             The game lasted 00:04:12 (2646 turns).

enile the Skirmisher (Formicid Fighter)             Turns: 2646, Time: 00:04:13

Health: -8/37      AC:  7    Str: 21    XL:     4   Next: 74%
Magic:  4/4        EV:  9    Int:  7    God:    Nemelex Xobeh [......]
Gold:   122        SH:  5    Dex: 12    Spells: 3/3 levels left

rFire   + . .      SeeInvis +   a - +1 quarterstaff
rCold   + . .      Faith    .   c - +0 buckler
rNeg    . . .      Spirit   .   b - +0 scale mail
rPois   +          Reflect  .   (helmet unavailable)
rElec   +          Harm     .   (no cloak)
rCorr   +          Rampage  .   (no gloves)
Will    .....                   (no boots)
Stlth   ..........              (no amulet)
HPRegen 0.12/turn               (no ring)
MPRegen 0.09/turn               (no ring)

@: resistant
A: permanent stasis, dig shafts and tunnels, antennae 3, four strong arms
a: Dig, Shaft Self, Renounce Religion, Draw Escape, Draw Destruction, Draw
Summoning


You were on level 3 of the Dungeon.
You worshipped Nemelex Xobeh.
Nemelex Xobeh was noncommittal.
You visited 1 branch of the dungeon, and saw 3 of its levels.

You collected 122 gold pieces.

Inventory:

Hand Weapons
 a - a +1 quarterstaff (weapon)
Missiles
 h - a boomerang (quivered)
Armour
 b - a +0 scale mail (worn)
 c - a +0 buckler (worn)
Jewellery
 n - a +4 ring of protection
 o - an amulet of the acrobat
Scrolls
 m - a scroll of identify {unknown}
Potions
 d - 2 potions of might
 i - a potion of haste


   Skills:
 - Level 4.0 Fighting
 - Level 2.0 Staves
 - Level 2.0 Throwing
 - Level 4.0 Armour
 - Level 4.0 Shields
 + Level 1.3 Invocations


You had 3 spell levels left.
You didn't know any spells.
Your spell library contained the following spells:

 Spells                   Type           Power      Damage    Failure   Level
 Gell's Gravitas          Tloc           0%         N/A       99%         3
 Teleport Other           Tloc           0%         N/A       99%         3
 Dispersal                Tloc           0%         N/A       100%        6


Dungeon Overview and Level Annotations

Branches:
Dungeon (3/15)

Altars:
Nemelex Xobeh

Annotations:
D:3 Grinder


Innate Abilities, Weirdness & Mutations

You cannot be hasted, slowed, berserked, paralysed or teleported.
You can dig through walls and to a lower floor.
You have a pair of large antennae on your head. (SInv)
Your four strong arms can wield two-handed weapons with a shield.


Message History

Grinder hits you!
You writhe in agony.
* * * LOW HITPOINT WARNING * * *
Okay, then.
As you read the scroll labelled SULIBRUBLIPN, it crumbles to dust.
The scroll dissolves into smoke.
It was a scroll of fog.
Grinder hits you but does no damage.
As you read the scroll labelled FELUPA ABRIM, it crumbles to dust.
It is a scroll of enchant weapon.
Your +0 quarterstaff glows red for a moment.
Grinder hits you.
* * * LOW HITPOINT WARNING * * *
It was a potion of ambrosia.
You are confused.
You feel invigorated. Grinder hits you but does no damage.
It was a potion of cancellation.
Your magical effects are unravelling.
You feel magically purged.
You feel less invigorated.
You feel less confused. Grinder hits you but does no damage.
It was a potion of haste.
Your stasis prevents you from being hasted.
Grinder says, "There's only one good use for a tongue: cutting it out."
Grinder hits you.
* * * LOW HITPOINT WARNING * * *
You writhe in agony.
* * * LOW HITPOINT WARNING * * *
Okay, then.
Okay, then.
It was a potion of berserk rage.
Your stasis prevents you from going berserk.
Grinder hits you.
* * * LOW HITPOINT WARNING * * *
It was a potion of resistance.
You feel protected. You block Grinder's attack.
Okay, then.
Grinder gestures at you. Pain shoots through your body!
You die...
Your body disappears without a glow.

### ##.#########
##....<.....#
#####....@#####.###
....>......#......
.........5Z...#.#
.###............#
#........§§#.#
#.#.....§§§..#
#.##.####§#### #
### #§# #§#


You could see Grinder and a hound zombie.

Vanquished Creatures
  3 adders
  2 worms (D:2)
  3 dart slugs
  5 bats
  An endoplasm (D:2)
  A giant cockroach (D:3)
  4 hobgoblins
  4 kobolds
  4 quokkas
  4 ball pythons
  A frilled lizard (D:2)
  6 goblins
  4 rats
42 creatures vanquished.

Notes
Turn   | Place    | Note
-------+----------+-------------------------------------------
     0 | D:1      | enile the Formicid Fighter began the quest for the Orb.
     0 | D:1      | Reached XP level 1. HP: 18/18 MP: 1/1
   442 | D:1      | Reached XP level 2. HP: 25/25 MP: 2/2
  1097 | D:2      | Reached XP level 3. HP: 28/30 MP: 3/3
  1747 | D:2      | Reached skill level 1 in Throwing
  1747 | D:2      | Reached XP level 4. HP: 25/37 MP: 4/4
  2032 | D:2      | Found a sparkling altar of Nemelex Xobeh.
  2086 | D:2      | Became a worshipper of Nemelex Xobeh the Trickster
  2422 | D:3      | Reached skill level 1 in Invocations
  2603 | D:3      | Noticed Grinder
  2638 | D:3      | HP: 1/37 [Grinder (2)]
  2646 | D:3      | Killed from afar by Grinder

Illustrated notes

Levels and vault maps discovered:
D:1:      dpeg_arrival_rooms_c, layout_basic, st_stairs_9,
          minmay_misc_feat_rows, minmay_misc_feat_columns
D:2:      layout_basic, basic_altar, serial_park_tiny_pond, chequers_mini_garden
D:3:      layout_loops_corners, mainiacjoe_overflow_chevrons,
          basic_ecumenical_altar, ebering_dispersal_statue_hall,
          chequers_avenue, corexii_item_surrounded_by_moat, uniq_grinder,
          uniq_robin, uniq_sigmund

Skill      XL: |  1  2  3  4 |
---------------+-------------+-----
Fighting       | 4 |  4.0
Armour         | 4 |  4.0
Shields        | 4 |  4.0
Throwing       | 1 2 |  2.0
Invocations    | 1 |  1.3
Staves         | |  2.0

Action                   |  1- 3 |  4- 6 || total
-------------------------+-------+-------++-------
Melee: Quarterstaff      |    98 |    71 ||   169
Throw: Boomerang         |    13 |       ||    13
       Dart              |     1 |     4 ||     5
  Use: Potion            |       |     5 ||     5
       Scroll            |       |     2 ||     2
Armor: Scale mail        |    53 |    42 ||    95
Dodge: Dodged            |    46 |    28 ||    74
Block: Buckler           |    25 |    21 ||    46

Table legend: (Time is in decaauts)
 A = Elapsed time spent in this place.
 B = Non-inter-level travel time spent in this place.
 C = Inter-level travel time spent in this place.
 D = Time resting spent in this place.
 E = Time spent auto-exploring this place.
 F = Levels seen in this place.
 G = Mean time per level.
                   A        B        C        D        E       F      G
               +--------+--------+--------+--------+--------+-----+--------+
         Total |   2688 |   2624 |     64 |      0 |   2167 |   3 |  896.0 |
       Dungeon |   2688 |   2624 |     64 |      0 |   2167 |   3 |  896.0 |
               +--------+--------+--------+--------+--------+-----+--------+

Top non-repeatable levels by time:
     D:2: 1336 daAuts
     D:1: 1103 daAuts
     D:3: 248 daAuts
